 Dungeon Crawl Stone Soup version 0.21.1-1-g345015fe64 (webtiles) character file.

1320 DildoBatman the Charlatan (level 8, -2/60 HPs)
             Began as a Formicid Wizard on Apr 26, 2018.
             Was a Follower of Ashenzari.
             Slain by a steam dragon (6 damage)
             ... on level 7 of the Dungeon.
             The game lasted 00:36:46 (9473 turns).

DildoBatman the Charlatan (Formicid Wizard)         Turns: 9473, Time: 00:36:46

Health: -2/60      AC:  6    Str: 13    XL:     8   Next: 90%
Magic:  11/13      EV: 12    Int: 19    God:    Ashenzari [*.....]
Gold:   260        SH:  0    Dex:  9    Spells: 10/13 levels left

rFire    . . .     SeeInvis +   a - +2 whip (elec)
rCold    . . .     Gourm    .   (no shield)
rNeg     . . .     Faith    .   r - +0 leather armour
rPois    .         Spirit   .   (helmet unavailable)
rElec    .         Reflect  .   (no cloak)
rCorr    .         Harm     .   F - +0 pair of gloves
MR       .....                  y - +0 pair of boots
Stlth    +++.......             (no amulet)
HPRegen  0.20/turn              j - +1 ring of protection
MPRegen  0.13/turn              (no ring)

@: very slightly contaminated
A: permanent stasis, dig shafts and tunnels, four strong arms, antennae 3
a: Dig, Shaft Self, Curse Item, Scrying, Renounce Religion


You were on level 7 of the Dungeon.
You worshipped Ashenzari.
Ashenzari was aware of your devotion.
You were not hungry.

You visited 2 branches of the dungeon, and saw 8 of its levels.

You collected 260 gold pieces.

Inventory:

Hand Weapons
 a - a +2 whip of electrocution (weapon)
 b - a +1 flail of holy wrath
 c - a +4 dagger
Missiles
 l - 193 stones (quivered)
 m - 100 arrows
 n - 14 poisoned needles
 s - 47 sling bullets
 w - 35 bolts
 A - 5 javelins
 C - 3 tomahawks
 E - 3 throwing nets
Armour
 q - a +0 scale mail
 r - a +0 leather armour (worn)
 y - a +0 pair of boots (worn)
 F - a +0 pair of gloves (worn)
 L - a +0 plate armour of positive energy
Jewellery
 j - a +1 ring of protection (left hand)
Wands
 d - a wand of flame (2)
 M - a wand of polymorph (6)
Scrolls
 e - 2 scrolls of fear
 g - 3 scrolls of remove curse
 o - a scroll of amnesia
 p - a scroll of fog
 u - a scroll of noise
 D - a scroll of enchant armour
 G - a scroll of teleportation
 I - a scroll of enchant weapon {unknown}
Potions
 f - a potion of magic {unknown}
 h - a potion of haste {unknown}
 i - 2 potions of heal wounds
 k - 2 potions of lignification {unknown}
 t - 3 potions of flight {unknown}
 x - a potion of might {unknown}
 H - a potion of agility {unknown}
 J - a potion of degeneration {unknown}
 K - a potion of curing
Books
 v - a book of Minor Magic

   Spells                             Type                      Level
   a - Magic Dart                     Conjuration                  1
   b - Blink                          Translocation                2
   c - Call Imp                       Summoning                    2
   d - Slow                           Hexes                        2
   e - Conjure Flame                  Conjuration/Fire             3
   f - Mephitic Cloud                 Conjuration/Poison/Air       3
Comestibles
 z - 3 chunks of flesh
 B - 9 rations


   Skills:
 - Level 4.0 Fighting
 - Level 3.0 Maces & Flails
 - Level 3.0 Armour
 - Level 2.0 Dodging
 * Level 6.8 Stealth
 - Level 3.2 Spellcasting
 - Level 0.8 Conjurations
   Level 1.0 Summonings
   Level 0.8 Translocations
 - Level 7.0 Evocations


You had 10 spell levels left.
You knew the following spells:

 Your Spells              Type           Power        Failure   Level  Hunger
a - Magic Dart            Conj           #...         13%         1    None
b - Slow                  Hex            #.......     28%         2    ##.....


Dungeon Overview and Level Annotations

Branches:
Dungeon (7/15)             Temple (1/1) D:6

Altars:
Ashenzari
Cheibriados
Dithmenos
Elyvilon
Hepliaklqana
Nemelex Xobeh
Okawaru
Qazlal
Vehumet
Xom
Yredelemnul
Zin
The Shining One

Annotations:
D:2 exclusions: crimson imp and 1 more exclusion, Sigmund
D:3 1 exclusion, Gargoyl's ghost, amateur CeAK
D:4 Blork the orc
D:5 exclusion: ogre, Grinder; Menkaure; Pikel; VanClaymore's ghost, novice DsAK
D:6 2 exclusions


Innate Abilities, Weirdness & Mutations

You cannot be hasted, slowed, berserked, paralysed or teleported.
You can dig through walls and to a lower floor.
Your four strong arms can wield two-handed weapons with a shield.
You have a pair of large antennae on your head. (SInv)


Message History

You miscast Magic Dart.
You are very lightly contaminated with residual magic.
Nothing appears to happen.
The steam dragon bites you but does no damage.
The steam dragon claws you but does no damage.
You barely miss the steam dragon.
You are engulfed in a cloud of scalding steam.
The steam dragon breathes steam at you. The ball of steam hits you!
You are too injured to fight recklessly!
You hit the steam dragon but do no damage.
You are engulfed in a cloud of scalding steam.
The steam dragon closely misses you. The steam dragon claws you.
You barely miss the steam dragon. The steam dragon closely misses you.
The steam dragon claws you.
You hit the steam dragon but do no damage.
The steam dragon bites you.
You die...

..# ..# #.# ###### #.#
#....# #.# { #....# #.#
#....###########D#
#...............@#####
#....###########........
#....##.........§#######
#....##.........§§......
#................######
#.....#........§.#
#.....#..........#
#..............>.#
#....###.#########


You could see a steam dragon.

Vanquished Creatures
  An orc warrior (D:6)
  4 slaves
  2 ogres (D:6)
  2 bullfrogs
  A scorpion (D:6)
  2 howler monkeys
  A jelly (D:6)
  A centaur skeleton (D:6)
  6 orc priests
  A bullfrog skeleton (D:6)
  3 orc wizards
  2 iguanas (D:6)
  7 worker ants
  7 gnolls (D:5)
  A howler monkey skeleton (D:6)
  4 adders
  2 shadow imps
  An ooze (D:5)
  An adder skeleton (D:6)
  3 adder zombies
  3 leopard geckos
  21 orcs
  7 bats
  4 giant cockroaches
  A goblin (D:1)
  7 hobgoblins
  4 jackals
  4 kobolds
  3 quokkas
  3 ball pythons
  4 frilled lizards
  A quokka zombie (D:5)
  2 rats (D:1)
116 creatures vanquished.

Notes
Turn   | Place    | Note
-------+----------+-------------------------------------------
     0 | D:1      | DildoBatman the Formicid Wizard began the quest for the Orb.
     0 | D:1      | Reached XP level 1. HP: 13/13 MP: 4/4
    92 | D:1      | Reached skill level 1 in Fighting
   180 | D:1      | Reached XP level 2. HP: 18/21 MP: 3/6
   695 | D:2      | Found a shattered altar of Ashenzari.
   966 | D:2      | Became a worshipper of Ashenzari the Shackled
  1018 | D:2      | Reached XP level 3. HP: 28/28 MP: 2/7
  1209 | D:2      | Noticed Sigmund
  1548 | D:3      | Noticed Gargoyl's ghost (amateur CeAK)
  1754 | D:3      | Learned a level 2 spell: Slow
  1810 | D:3      | Reached skill level 1 in Armour
  1810 | D:3      | Reached XP level 4. HP: 35/35 MP: 8/8
  1880 | D:3      | Found a glowing silver altar of Zin.
  2083 | D:3      | Reached skill level 1 in Maces & Flails
  2622 | D:4      | Reached XP level 5. HP: 36/41 MP: 7/9
  2640 | D:4      | Noticed Blork the orc
  2921 | D:3      | Reached skill level 1 in Evocations
  2958 | D:4      | Reached skill level 2 in Evocations
  2999 | D:3      | Reached XP level 6. HP: 31/47 MP: 3/10
  3584 | D:5      | Entered Level 5 of the Dungeon
  3584 | D:5      | Reached * piety under Ashenzari
  3596 | D:5      | Noticed Pikel
  3596 | D:5      | Noticed a slave
  3601 | D:5      | Noticed VanClaymore's ghost (novice DsAK)
  3709 | D:4      | Reached skill level 3 in Evocations
  4141 | D:4      | Found a stormy altar of Qazlal.
  4222 | D:4      | Found a hazy altar of Hepliaklqana.
  4289 | D:4      | Killed a slave
  4373 | D:5      | Noticed a slave
  4395 | D:4      | Killed a slave
  4608 | D:5      | Noticed Menkaure
  5244 | D:5      | Noticed a slave
  5245 | D:5      | Noticed a slave
  5265 | D:5      | Killed a slave
  6109 | D:5      | Reached XP level 7. HP: 52/52 MP: 11/11
  6213 | D:5      | Reached skill level 5 in Stealth
  7019 | D:5      | Reached skill level 4 in Evocations
  7203 | D:6      | Found a staircase to the Ecumenical Temple.
  7209 | Temple   | Entered the Ecumenical Temple
  7350 | D:6      | Reached skill level 5 in Evocations
  7675 | D:6      | Noticed Grinder
  7805 | D:6      | Reached XP level 8. HP: 49/60 MP: 8/12
  8937 | D:6      | Reached skill level 6 in Evocations
  9069 | D:6      | Reached skill level 7 in Evocations
  9473 | D:7      | Slain by a steam dragon

Skill      XL: |  1  2  3  4  5  6  7  8 |
---------------+-------------------------+-----
Fighting       | 1 2 3 4 |  4.0
Armour         | 1 2 3 |  3.0
Dodging        | 2 |  2.0
Maces & Flails | 1 2 3 |  3.0
Stealth        | 3 4 5 6 |  6.8
Evocations     | 2 3 5 7 |  7.0
Spellcasting   | |  3.2
Conjurations   | |  0.8
Summonings     | |  1.0
Translocations | |  0.8

Action                   |  1- 3 |  4- 6 |  7- 9 || total
-------------------------+-------+-------+-------++-------
Melee: Unarmed           |     9 |       |       ||     9
       Dagger            |     5 |       |       ||     5
       Mace              |    12 |       |       ||    12
       Whip              |     6 |   181 |   154 ||   341
 Cast: Magic Dart        |    55 |    69 |    81 ||   205
       Slow              |       |     3 |     1 ||     4
 Abil: Dig               |     3 |    11 |     9 ||    23
Evoke: Wand              |       |     1 |    15 ||    16
  Use: Scroll            |       |       |     6 ||     6
       Potion            |       |       |     1 ||     1
 Stab: Sleeping          |       |     1 |       ||     1
  Eat: Chunk             |     3 |    15 |    11 ||    29
Armor: Leather armour    |     4 |    65 |    51 ||   120
Dodge: Dodged            |    24 |   143 |    89 ||   256
